[Event "44th Chess Olympiad Women 2022"]
[Site "Chennai"]
[Date "2022.08.07"]
[Round "9.48"]
[White "Mefteh, Meyssem"]
[Black "Mariam, Essa"]
[Result "0-1"]
[WhiteElo "1254"]
[BlackElo "1591"]
[Annotator "NA RC"]
[PlyCount "62"]
[EventDate "2022.??.??"]
[TimeControl "60"]

1. e4 c5 2. Nf3 Nc6 3. Nc3 e5 4. Bc4 Be7 5. d3 d6 6. Nd2 Nf6 7. Nf1 O-O 8. Ne3 Nd7 9. O-O Bg5 10. Ned5 Bxc1 11. Rxc1 Nb6 12. Qd2 Nxc4 13. dxc4 Be6 14. Nb5 a6 15. Nxd6 Bxd5 16. Qxd5 Qb6 17. Nxb7 Qxb7 18. Qxc5 Nd4 19. Kh1 Rfe8 20. b3 Qxe4 21. Rfe1 Qf4 22. c3 Nf5 23. Rc2 h5 24. Rce2 Rad8 25. Qb6 Rd2 26. Qc6 Rxe2 27. Qxe8+ Kh7 28. Rg1 Qxf2 29. h3 Ng3+ 30. Kh2 Nf1+ 31. Kh1 Qg3 0-1

[Event "44th Chess Olympiad Women 2022"]
[Site "Chennai"]
[Date "2022.08.07"]
[Round "9.48"]
[White "Rouda Essa, Alserkal"]
[Black "Hwass Zeineb"]
[Result "1-0"]
[WhiteElo "1874"]
[BlackElo "1386"]
[Annotator "NA RC"]
[PlyCount "117"]
[EventDate "2022.??.??"]
[TimeControl "60"]

1. e4 c5 2. Nf3 d6 3. d4 cxd4 4. Nxd4 Nf6 5. Nc3 Nc6 6. Bg5 e5 7. Ndb5 a6 8. Na3 b5 9. Nd5 Be7 10. Bxf6 Bxf6 11. c3 Bb7 12. Nc2 Bg5 13. a4 bxa4 14. Rxa4 O-O 15. Bc4 a5 16. O-O Ne7 17. Re1 Nc8 18. Qd3 Nb6 19. Nxb6 Qxb6 20. b4 axb4 21. Rxb4 Qc7 22. Rd1 Rfd8 23. Ne3 Bxe3 24. Qxe3 Ba6 25. Bd5 Rab8 26. Ra4 Bb7 27. Ra7 Qc8 28. Qd3 Bxd5 29. Qxd5 Rd7 30. Ra3 Qc7 31. h3 h6 32. c4 Rc8 33. Rc3 Qc5 34. Qd2 Qc6 35. Qe2 Qb6 36. Rg3 Qd8 37. Qg4 g6 38.
f4 exf4 39. Qxf4 Kh7 40. Rc3 Qe7 41. Rd4 Rc5 42. Rcd3 Re5 43.
Rf3 Kg7 44. Rb3 Rc7 45. Rb6 Rd7 46. Qf3 Re6 47. Qd3 Re5 48.
Rc6 Re6 49. c5 d5 50. exd5 Rxc6 51. dxc6 Qe1+ 52. Qf1 Qe3+ 53.
Qf2 Qc1+ 54. Kh2 Rc7 55. Rd7 Rxd7 56. cxd7 Qd1 57. c6 Qd6+ 58. Qg3 Qf8 59. c7 1-0

[Event "44th Chess Olympiad Women 2022"]
[Site "Chennai"]
[Date "2022.08.07"]
[Round "9.49"]
[White "Cho, Hung-Ling"]
[Black "Bwalya Mulwale, Lubuuto"]
[Result "0-1"]
[WhiteElo "1576"]
[BlackElo "1751"]
[Annotator "NA"]
[PlyCount "84"]
[EventDate "2022.??.??"]
[TimeControl "60"]

1. c4 e5 2. g3 Nf6 3. Bg2 d5 4. cxd5 Nxd5 5. Nc3 Nb6 6. Nf3 Nc6 7. d3 Be7 8. a3 O-O 9. O-O Be6 10. b4 f6 11. Bb2 Rb8 12. Rc1 Qd7 13.
Ne4 Rfc8 14. Nc5 Bxc5 15. Rxc5 Ne7 16. Qc2 Na4 17. Ra5 Nxb2 18. Qxb2 a6 19. Rc5 b6 20. Rc2 c5 21. Rfc1 Nd5 22. Nd2 cxb4 23. Bxd5 Qxd5 24. Qxb4 Rxc2 25. Rxc2 a5 26. Qe7 Bh3 27. e4 Qd8 28. Qxd8+ Rxd8 29. Rc3 b5 30. Rb3 Be6 31. Rxb5 Rxd3 32. Nf1 Bh3 33. Rb1 Rxa3 34. Ne3 Ra4 35. f3 Ra3 36. Kf2 Ra2+ 37. Kg1 h5 38. Nc4 a4 39. Ne3 a3 40. Nd5 Rg2+ 41. Kh1 Rf2 42. f4 a2 0-1

[Event "44th Chess Olympiad Women 2022"]
[Site "Chennai"]
[Date "2022.08.07"]
[Round "9.49"]
[White "Mwango, Lorita"]
[Black "Tsai, Sophie Yi-Hsuan"]
[Result "1-0"]
[WhiteElo "1920"]
[BlackElo "1131"]
[Annotator "NA RC"]
[PlyCount "133"]
[EventDate "2022.??.??"]
[TimeControl "60"]

1. c4 f5 2. Nc3 Nf6 3. g3 e6 4. Bg2 Be7 5. Qb3 c6 6. e3 d5 7. d4 Nbd7 8. cxd5 exd5 9. Nf3 Ne4 10. a3 O-O 11. O-O Kh8 12. Qc2 Qe8 13.
b4 Ndf6 14. Ne5 Nxc3 15. Qxc3 Ne4 16. Qc2 Qh5 17. f3 Ng5 18. f4 Ne4 19. Bf3 Qh6 20. Rb1 g5 21. Rb2 gxf4 22. exf4 Qf6 23. Qd3 a6 24. Rg2 Bd6 25. Be2 a5 26. bxa5 Rxa5 27. Bb2 Qe7 28.
Rf3 Be6 29. Bd1 Bf7 30. Re3 Rg8 31. a4 h6 32. h3 Kh7 33. g4 Be6 34. Qe2 Bxe5 35. fxe5 Kh8 36. gxf5 Rxg2+ 37. Qxg2 Bxf5 38.
Kh2 Qh4 39. Rf3 Be6 40. Rf8+ Kh7 41. Bc2 Ra7 42. Rf6 Kh8 43. Bxe4 dxe4 44. Rxe6 Qf4+ 45. Kh1 Ra8 46. Rf6 Qe3 47. Qf2 Qxh3+ 48. Qh2 Qxh2+ 49. Kxh2 Rxa4 50. Rxh6+ Kg7 51.
Rh3 Ra2 52. Rb3 e3 53. Kg3 b5 54. Kf3 Kf7 55. Kxe3 Ke6 56. Ke4 Ra8 57. Rc3 Rc8 58. Ba3 Kd7 59. Bc5 Ke6 60. Rf3 Rh8 61. Rf6+ Kd7 62. e6+ Ke8 63. e7 Rh4+ 64. Rf4 Rxf4+ 65. Kxf4 Kf7 66. Kf5 Ke8 67. Kf6 1-0

[Event "44th Chess Olympiad Women 2022"]
[Site "Chennai"]
[Date "2022.08.07"]
[Round "9.49"]
[White "Shih, Ching-An"]
[Black "Likando Namakau"]
[Result "1-0"]
[WhiteElo "1582"]
[BlackElo "1544"]
[Annotator "NA RC"]
[PlyCount "79"]
[EventDate "2022.??.??"]
[TimeControl "60"]

1. Nf3 Nf6 2. d4 e6 3. g3 d5 4. Bg2 Be7 5. O-O O-O 6. Nbd2 c5 7. c3 Nc6 8. b3 cxd4 9. cxd4 Bd7 10. Bb2 Rc8 11. Ne5 Qb6 12. Nxd7 Nxd7 13. Nf3 Bf6 14. e3 Rc7 15. Ba3 Rfc8 16. Bd6 Nb4 17. Bxc7 Rxc7 18. a3 Nc6 19. b4 a6 20. Rc1 Rc8 21. Qd3 Rd8 22. Rfd1 Be7 23. h4 h6 24. Qc2 Qa7 25. Qb3 f5 26. Ne1 Qb6 27. Qc3 Qa7 28.
Nd3 Nb6 29. Nc5 Kf7 30. Nxb7 Rc8 31. Nc5 Rc7 32. Qd3 Nc4 33. Bxd5 exd5 34. Qxf5+ Ke8 35. Qh5+ Kd8 36. Ne6+ Kd7 37. Nxc7 Qxc7 38. Qxd5+ Nd6 39. Rc5 Qb8 40. Qxc6+ 1-0

[Event "44th Chess Olympiad Women 2022"]
[Site "Chennai"]
[Date "2022.08.07"]
[Round "9.50"]
[White "Banda Natalie Katlo"]
[Black "Van Wyk, Keisha C"]
[Result "1-0"]
[WhiteElo "1688"]
[BlackElo "1237"]
[Annotator "NA"]
[PlyCount "95"]
[EventDate "2022.??.??"]
[TimeControl "60"]

1. d4 Nf6 2. Bg5 g6 3. Bxf6 exf6 4. e3 Bg7 5. Bd3 O-O 6. h4 d6 7. h5 Be6 8. hxg6 fxg6 9. Qf3 Nc6 10. Rxh7 Ne7 11. Rh1 c6 12. Nh3 Qa5+ 13. Nd2 Qd5 14. Bc4 Qxc4 15. Nxc4 Bxc4 16. Nf4 Kf7 17. b3 Bd5 18. Nxd5 Nxd5 19. c4 Nb4 20. Kd2 Rab8 21. a3 Na6 22. d5 Nc5 23. Rab1 Rbc8 24. b4 Nd7 25. dxc6 bxc6 26. b5 Ne5 27. Qe2 cxb5 28. Rxb5 Nxc4+ 29. Kd1 Rc7 30. Rh4 Rfc8 31. Qa2 Kf8 32. Rb1 f5 33. Qb3 d5 34. Qb4+ Kg8 35. Rh1 a5 36. Qb3 Bf8 37. Qc3 Bg7 38.
Qb3 Bf8 39. Rh4 Be7 40. Rd4 Rd8 41. Ke2 Nxa3 42. Rxd5 Rdc8 43. Rd8+ Kg7 44. Qg8+ Kf6 45. Rxc8 Rxc8 46. Rb6+ Kg5 47. Rxg6+ Kh5 48. Qh7# 1-0

[Event "44th Chess Olympiad Women 2022"]
[Site "Chennai"]
[Date "2022.08.07"]
[Round "9.50"]
[White "Moshoboro Arona"]
[Black "Mentile, Lishen"]
[Result "0-1"]
[WhiteElo "1611"]
[BlackElo "1486"]
[Annotator "NA RC"]
[PlyCount "134"]
[EventDate "2022.??.??"]
[TimeControl "60"]

1. d4 d5 2. Nf3 Nf6 3. e3 e6 4. Bd3 Be7 5. Nbd2 b6 6. b3 Bb7 7. Bb2 Nbd7 8. O-O O-O 9. Ne5 Rc8 10. f4 c5 11. Qe2 Ne4 12. Nxd7 Qxd7 13. Rad1 cxd4 14. Nxe4 dxe4 15. Bc4 Qc6 16. Bxd4 Bc5 17. Bb5 Qd5 18. Bxg7 Bxe3+ 19. Qxe3 Qxb5 20. Bxf8 Kxf8 21. c4 Qc6 22. Rd2 Ke7 23. Rfd1 Kf6 24. Qh3 Qc5+ 25. Kf1 Qf5 26. Qh6+ Qg6 27. Qh4+ Kg7 28. Qg3 Bc6 29. Qc3+ Kh6 30. Qe5 Rg8 31. g3 Qg4 32. Qf6+ Rg6 33. Qxf7 e3 34. Qf8+ Kh5 35. Qd6 Qf3+ 36. Ke1 Qh1+ 37. Ke2 Qf3+ 38. Kd3 Be4+ 39. Kd4 exd2 40. Qe5+ Bf5 41. Rxd2 Qf1 42. Qc7 Qg1+ 43. Kc3 Qc1+ 44. Kb4 Qxd2+ 45. Ka3 Qa5+ 46. Kb2 h6 47. Qd8 Rg4 48. Qe8+ Bg6 49. Qxe6 Qf5 50. Qe7 Qc2+ 51. Ka3 Qc1+ 52. Ka4 Qc2 53. Ka3 Qf5 54. Kb2 Qa5 55. Qe2 Qc5 56. h3 Qd4+ 57. Ka3 Qd6+ 58. Ka4 Qc6+ 59. Ka3 Qd6+ 60. Kb2 Qd4+ 61. Ka3 Qd6+ 62. Ka4 Qc6+ 63. Kb4 a5+ 64. Kc3 Qf6+ 65. Qe5+ Qxe5+ 66. fxe5 Rxg3+ 67. Kd4 Rd3# 0-1

[Event "44th Chess Olympiad Women 2022"]
[Site "Chennai"]
[Date "2022.08.07"]
[Round "9.50"]
[White "Nepando, Jolly"]
[Black "Marape, Naledi"]
[Result "0-1"]
[WhiteElo "1389"]
[BlackElo "1714"]
[Annotator "NA RC"]
[PlyCount "58"]
[EventDate "2022.??.??"]
[TimeControl "60"]

1. e4 c5 2. Nf3 d6 3. c3 Nf6 4. Be2 g6 5. O-O Nc6 6. d4 cxd4 7. cxd4 Bg7 8.
d5 Nb8 9. Bb5+ Bd7 10. Bxd7+ Nbxd7 11. Re1 O-O 12. Nc3 a6 13. Bg5 b5 14. a3 Nb6 15. Nd2 Rc8 16. Rc1 Nc4 17. Nxc4 Rxc4 18. b3 Rc7 19. Nb1 h6 20. Bd2 Qb8 21. Qe2 Rfc8 22. Rxc7 Qxc7 23. Nc3 Qc5 24. Nb1 Qc2 25. Qd1 Qa2 26. Bc3 Nxe4 27. Rxe4 Bxc3 28. Re2 Bb2 29. f4 Qa1 0-1

[Event "44th Chess Olympiad Women 2022"]
[Site "Chennai"]
[Date "2022.08.07"]
[Round "9.50"]
[White "Tsuses, Patience"]
[Black "Otisitswe Ruth"]
[Result "0-1"]
[WhiteElo "1075"]
[BlackElo "1552"]
[Annotator "NA RC"]
[PlyCount "180"]
[EventDate "2022.??.??"]
[TimeControl "60"]

1. e4 c5 2. Nf3 Nc6 3. d4 cxd4 4. Nxd4 g6 5. Nc3 Bg7 6.
Nxc6 bxc6 7. Bd2 Nf6 8. Bd3 O-O 9. O-O d5 10. exd5 cxd5 11.
Qc1 Qd6 12. Ne2 e5 13. Ng3 Rb8 14. a3 Re8 15. Be2 Qc6 16. h4 h5 17. c3 Ng4 18. b4 f5 19. a4 Qc7 20. Re1 f4 21. Bxg4 Bxg4 22. Nf1 Rbc8 23. a5 e4 24. Bxf4 Qxc3 25. Bd2 Qxa1 26. Qxa1 Bxa1 27. Rxa1 d4 28. b5 Rb8 29. Rb1 Be2 30. b6 axb6 31. axb6 Re6 32. Ng3 Bd3 33. Rb4 Rbxb6 34. Rxd4 Rb2 35. Be3 Kf7 36. Rd7+ Ke8 37. Ra7 Rc6 38. Ra8+ Kd7 39. Ra7+ Ke6 40. Rg7 Kd5 41. Rd7+ Rd6 42. Rg7 Re6 43. Rd7+ Kc4 44. Rc7+ Kb3 45. Rb7+ Ka2 46. Ra7+ Kb1 47. Rc7 Rb3 48. Rg7 Bc2 49. Rc7 Ra6 50. Rg7 Rc6 51. Re7 Rb4 52. Rh7 Rb5 53. Rh8 Bd3 54. Rf8 Kc2 55. Re8 Rb1+ 56. Kh2 Rb4 57. Rf8 Kd1 58. Rf7 Re6 59. Rf8 Rb3 60. Rf7 Be2 61. Rf4 Bd3 62. Rf7 Bb1 63. Rc7 Bc2 64. Rd7+ Rd3 65. Ra7 Rxe3 66. fxe3 Kd2 67. Ra2 Kd3 68. Ra3+ Kc4 69. Ne2 Bd3 70. Nd4 Rf6 71. Kg3 Kb4 72. Ra7 Kc3 73. Ra2 Bb1 74. Rf2 Rb6 75. Kf4 Kd3 76. Ne6 Rxe6 77. Rb2 Bc2 78. Rb4 Ke2 79. Rb2 Rc6 80. g4 hxg4 81. Kxg4 Kxe3 82. Kg5 Kf3 83. Rxc2 Rxc2 84. Kxg6 e3 85. h5 e2 86. h6 e1=Q 87. h7 Qe4+ 88. Kg7 Rc7+ 89. Kf6 Kg4 90. h8=Q Qf5# 0-1

[Event "44th Chess Olympiad Women 2022"]
[Site "Chennai"]
[Date "2022.08.07"]
[Round "9.51"]
[White "Dotse Dzidzor Esi"]
[Black "Natareno, Elvia"]
[Result "0-1"]
[WhiteElo "1195"]
[BlackElo "1581"]
[Annotator "NA"]
[PlyCount "116"]
[EventDate "2022.??.??"]
[TimeControl "60"]

1. d4 Nf6 2. c4 g6 3. Nc3 Bg7 4. Nf3 d6 5. Bf4 Bf5 6. e3 O-O 7. Bd3 Bg4 8. h3 Bxf3 9. Qxf3 e5 10. Bh2 exd4 11. exd4 Re8+ 12. Be2 Nc6 13. d5 Nd4 14. Qd3 Nd7 15. O-O Nc5 16. Qd1 Nxe2+ 17. Nxe2 Bxb2 18. Rb1 Bg7 19. Nd4 Re4 20. Nb3 Rxc4 21. Nxc5 Rxc5 22. Rxb7 Qg5 23. Qb3 h5 24. Rb8+ Rxb8 25. Qxb8+ Kh7 26. Qxa7 Qxd5 27. a4 Qd2 28. Bg3 Qc3 29. Rb1 Ra5 30. Qe3 Qxe3 31. fxe3 Rxa4 32. Rc1 Ra7 33. Bf2 Ra1 34. Rxa1 Bxa1 35. e4 Kg7 36. Kf1 Kf6 37. Bg3 g5 38. Ke2 Be5 39. Bf2 Ke6 40. Kd3 f5 41. exf5+ Kxf5 42. Kc4 c6 43. Kd3 h4 44. Ke3 c5 45. Kd3 Bf4 46. Kc4 Ke4 47. Kc3 Be3 48. Be1 d5 49. g3 hxg3 50.
Bxg3 Bf4 51. Bf2 c4 52. Bd4 Bd2+ 53. Kxd2 Kxd4 54. Kc2 c3 55. Kc1 Kd3 56. Kd1 d4 57. Kc1 c2 58. Kb2 Kd2 0-1

[Event "44th Chess Olympiad Women 2022"]
[Site "Chennai"]
[Date "2022.08.07"]
[Round "9.51"]
[White "Felix, Tobi"]
[Black "Mazariegos, Silvia Carolina"]
[Result "1/2-1/2"]
[WhiteElo "1460"]
[BlackElo "1851"]
[Annotator "NA RC"]
[PlyCount "56"]
[EventDate "2022.??.??"]
[TimeControl "60"]

1. d4 f5 2. Bf4 Nf6 3. e3 e6 4. Nf3 g6 5. Be2 Bg7 6. Nbd2 O-O 7. h3 d6 8. c3 Qe7 9. Qc2 Nbd7 10. O-O c6 11. e4 e5 12. dxe5 dxe5 13.
Bg5 h6 14. Bxf6 Nxf6 15. Nh4 Nxe4 16. Nxg6 Qg5 17. Nxf8 Nxd2 18. Rfd1 Bxf8 19. Qxd2 Qg7 20. Qd3 Bc5 21.
Qd8+ Kh7 22. Qh4 Be6 23. Kf1 Rg8 24. g3 Be7 25. Qa4 Bc5 26.
Qh4 Be7 27. Qa4 Bc5 28. Qh4 Be7 1/2-1/2

[Event "44th Chess Olympiad Women 2022"]
[Site "Chennai"]
[Date "2022.08.07"]
[Round "9.51"]
[White "Juarez Garcia, Daniela"]
[Black "Benson, Maud"]
[Result "1-0"]
[WhiteElo "1725"]
[BlackElo "1334"]
[Annotator "NA RC"]
[PlyCount "53"]
[EventDate "2022.??.??"]
[TimeControl "60"]

1. e4 e5 2. Bc4 d6 3. d3 Be7 4. Nf3 Nd7 5. c3 Ngf6 6. Nbd2 Nc5 7. Qe2 O-O 8.
O-O Ne6 9. Nb3 h6 10. d4 exd4 11. Nbxd4 Nxd4 12. Nxd4 Bg4 13. f3 Bh5 14. Nf5 Re8 15. Qd3 Nd7 16. Bf4 Nc5 17. Qd5 a5 18. Nxe7+ Qxe7 19. Qxh5 Qf6 20. Bg3 Ne6 21. e5 dxe5 22. Bxe5 Qe7 23. Bg3 Ng5 24. Bf2 Qd6 25. Rad1 Qf4 26. Rd4 Qe5 27. f4 1-0

[Event "44th Chess Olympiad Women 2022"]
[Site "Chennai"]
[Date "2022.08.07"]
[Round "9.51"]
[White "Lopez L., Dairyn D."]
[Black "Appau Abena Tiwaa"]
[Result "1-0"]
[WhiteElo "1574"]
[BlackElo "1103"]
[Annotator "NA"]
[PlyCount "107"]
[EventDate "2022.??.??"]
[TimeControl "60"]

1. d4 g6 2. Bf4 Nf6 3. h3 Bg7 4. e3 O-O 5. Nf3 d6 6. Be2 Nbd7 7. O-O b6 8. c4 Re8 9. d5 Bb7 10. Nc3 e5 11. Bh2 a6 12. e4 Qe7 13. b4 c6 14. Qd3 Rac8 15. Nd2 cxd5 16. Nxd5 Nxd5 17. cxd5 Nf6 18. Rab1 b5 19. Nb3 Qc7 20. Rbc1 Qb6 21. g4 Rxc1 22. Rxc1 Bh6 23. Rc2 Bg5 24. Bg3 Bc8 25. Rc6 Qb8 26. Na5 Kg7 27. Kg2 Rh8 28. Qc2 h5 29. h4 Bf4 30. g5 Ng4 31. Bxf4 exf4 32. Qc3+ Ne5 33. Rc7 Kh7 34. Qc1 Rf8 35. Rc3 Bg4 36. Bxg4 Nxg4 37. Qxf4 f6 38. Qc1 Rf7 39. f3 Ne5 40. Nc6 Qe8 41. Nd4 Qe7 42. Ne6 fxg5 43. Nxg5+ Kg7 44. Nxf7 Qxf7 45. Rc7 Nd7 46. Qc6 Kh6 47. Qxd7 Qg8 48. Qe7 g5 49. Qxd6+ Qg6 50. Qxg6+ Kxg6 51. Rc6+ Kh7 52. hxg5 h4 53. Kh3 a5 54. bxa5 1-0

[Event "44th Chess Olympiad Women 2022"]
[Site "Chennai"]
[Date "2022.08.07"]
[Round "9.52"]
[White "Charinda, Kudzanayi"]
[Black "Roberts, Tallulah"]
[Result "1-0"]
[WhiteElo "1719"]
[BlackElo "1536"]
[Annotator "NA RC"]
[PlyCount "52"]
[EventDate "2022.??.??"]
[TimeControl "60"]

1. e4 e6 2. d4 d5 3. Nc3 dxe4 4. Nxe4 Nd7 5. Nf3 Ngf6 6. Bd3 Nxe4 7. Bxe4 Nf6 8. Bd3 Be7 9. Qe2 h6 10. h3 c5 11. Be3 Qc7 12. Ne5 cxd4 13.
Bxd4 Bd7 14. Nxd7 Nxd7 15. Bxg7 Rg8 16. Bxh6 Rxg2 17. O-O-O O-O-O 18. Qf3 Rgg8 19. Qxf7 Rde8 20. Qf3 Qa5 21. Kb1 Ne5 22. Qe2 Bf6 23. Bd2 Qb6 24. Bb5 Rd8 25. Bc3 Qc5 26. f4 Nd7 1-0

[Event "44th Chess Olympiad Women 2022"]
[Site "Chennai"]
[Date "2022.08.07"]
[Round "9.53"]
[White "Adhikari, Kritisara"]
[Black "Aishath Alya Mohamed Shareef"]
[Result "1-0"]
[WhiteElo "1552"]
[BlackElo "1110"]
[Annotator "NA"]
[PlyCount "105"]
[EventDate "2022.??.??"]
[TimeControl "60"]

1. d4 d5 2. Bf4 Nf6 3. e3 c5 4. c3 Qb6 5. Qb3 c4 6. Qxb6 axb6 7. Nd2 Bf5 8. Ngf3 Nc6 9. Be2 e6 10. h3 h6 11. O-O Be7 12. b3 b5 13. b4 O-O 14. Ne5 Ra3 15. Rfc1 Rfa8 16. Nef3 Rxa2 17. Rxa2 Rxa2 18. Kf1 Ne4 19. Nxe4 Bxe4 20. Ne1 Bh4 21. g3 Bg5 22. Bxg5 hxg5 23. Bf3 Bg6 24. Bg2 Ne7 25. g4 f5 26. Nf3 fxg4 27. hxg4 Bd3+ 28. Kg1 Kf7 29. Nxg5+ Kf6 30. Nf3 g5 31. Ne5 Rc2 32. Rxc2 Bxc2 33. Nd7+ Kf7 34. Kh2 Ng6 35. Nc5 Bd1 36. f3 b6 37. Nd7 Nh4 38. Kg3 Ke7 39. Ne5 Nxg2 40.
Kxg2 Bc2 41. Kg3 Bd3 42. f4 gxf4+ 43. exf4 Be4 44. Kh4 Kf6 45. Kh5 Bh7 46. Kh6 Bg8 47. Nd7+ Ke7 48. Kg7 Kxd7 49. Kxg8 Ke7 50. Kg7 Kd6 51. Kf6 Kd7 52. Kf7 Kd8 53. g5 1-0

[Event "44th Chess Olympiad Women 2022"]
[Site "Chennai"]
[Date "2022.08.07"]
[Round "9.53"]
[White "Lohani, Sujana"]
[Black "Nihaya, Ahmed"]
[Result "0-1"]
[WhiteElo "1697"]
[BlackElo "1233"]
[Annotator "NA"]
[PlyCount "82"]
[EventDate "2022.??.??"]
[TimeControl "60"]

1. d4 Nf6 2. Nf3 d6 3. g3 c5 4. Bg2 cxd4 5. Nxd4 Qb6 6. O-O Nc6 7. c3 e5 8. Nf3 Be7 9. Nbd2 Qc7 10. e4 O-O 11. Nh4 Be6 12. Nf5 Rad8 13.
Qf3 d5 14. Re1 dxe4 15. Nxe4 Nxe4 16. Qxe4 Bf6 17. Bf1 Qd7 18. Ne3 Be7 19. Rd1 Qc8 20. Rxd8 Rxd8 21. Bd3 g6 22. Bc2 f5 23. Qa4 e4 24. Ng2 a6 25. Nf4 b5 26. Bb3 bxa4 27. Bxe6+ Qxe6 28. Nxe6 Rd1+ 29. Kg2 Ne5 30. Bf4 Rxa1 31. Bxe5 Kf7 32. Nc7 Bf6 33. Bf4 Rxa2 34. Bc1 Ra1 35. Be3 Rb1 36. Nxa6 Rxb2 37. c4 Be7 38. c5 Rc2 39. Bd4 a3 40. h3 Rc4 41. Ba1 Bxc5 0-1

[Event "44th Chess Olympiad Women 2022"]
[Site "Chennai"]
[Date "2022.08.07"]
[Round "9.53"]
[White "Nuha, Rilwan"]
[Black "Kapali, Binita"]
[Result "1-0"]
[WhiteElo "1068"]
[BlackElo "1511"]
[Annotator "NA"]
[PlyCount "91"]
[EventDate "2022.??.??"]
[TimeControl "60"]

1. Nf3 d5 2. b3 c5 3. Bb2 Nc6 4. e3 a6 5. c4 Nf6 6. cxd5 Nxd5 7. Be2 Bf5 8.
a3 e6 9. O-O h6 10. d3 Bg6 11. Ne5 Nxe5 12. Bxe5 Nf6 13. f4 Bd6 14. Bb2 O-O 15. e4 Bc7 16. Nd2 Re8 17. Nc4 Nd7 18. Qe1 e5 19. f5 Bh7 20. Bc1 Nb6 21. Be3 Nd7 22. Qg3 Qf6 23. Qh3 b5 24. Nb2 Bb6 25.
Rf3 c4 26. Bxb6 Qxb6+ 27. Kh1 cxd3 28. Bxd3 Qd4 29. Rb1 Nc5 30. Rg3 Qd6 31. b4 Nxd3 32. Nxd3 Red8 33. Nf2 Rac8 34. Rf1 Rc2 35. Kg1 Rd2 36. Qh5 Rd4 37. h3 Qf6 38. Ng4 Qg5 39. Nxh6+ gxh6 40. Rxg5+ hxg5 41. Qxg5+ Kh8 42. Qf6+ Kg8 43. Qxe5 Rd3 44. Rf4 Rg3 45. Rg4+ Rxg4 46. hxg4 1-0

[Event "44th Chess Olympiad Women 2022"]
[Site "Chennai"]
[Date "2022.08.07"]
[Round "9.54"]
[White "Yavo Tchetche, Marie"]
[Black "Castro, Neusa Aridas De"]
[Result "0-1"]
[WhiteElo "1313"]
[BlackElo "1531"]
[Annotator "NA RC"]
[PlyCount "120"]
[EventDate "2022.??.??"]
[TimeControl "60"]

1. d4 e6 2. e3 d5 3. Bd3 c5 4. c3 Qb6 5. f4 Nc6 6. Nf3 Nge7 7. Ng5 h6 8.
Nh7 Bd7 9. Nxf8 Rxf8 10. Qg4 c4 11. Bc2 g6 12. O-O O-O-O 13.
Qh4 h5 14. e4 Rde8 15. Nd2 f5 16. b3 cxb3 17. Nxb3 fxe4 18. Nc5 Qa5 19. Qh3 Nf5 20. a4 Qd8 21. Ba3 Rf7 22. Rab1 Na5 23. Nxe4 dxe4 24. Bxe4 Bc6 25. Qf3 Nxd4 26. cxd4 Qxd4+ 27. Kh1 Bxe4 28.
Rbc1+ Bc6 29. Rfd1 Qxf4 30. Qc3 Qxa4 31. Bb4 Rf5 32. Ra1 Qb5 33. Bxa5 Ref8 34. Kg1 Qe2 35. Qg3 Qf2+ 36. Qxf2 Rxf2 37. Rd8+ Rxd8 38. Kxf2 Rd5 39. Bc3 a6 40. Re1 Kd7 41. Re2 a5 42. Re5 Rxe5 43. Bxe5 b5 44. g3 b4 45. Ke3 a4 46. Kd4 b3 47. Kc4 Kc8 48.
Bb2 g5 49. h4 gxh4 50. gxh4 Bd7 51. Kc5 Kc7 52. Be5+ Kd8 53. Bb2 Ke7 54. Kd4 Kd6 55. Ba3+ Kc6 56. Bb2 Kb5 57. Ba3 e5+ 58. Kc3 e4 59. Bc1 Be6 60. Kb2 Kc4 0-1

[Event "44th Chess Olympiad Women 2022"]
[Site "Chennai"]
[Date "2022.08.07"]
[Round "9.55"]
[White "Grishina, Alexandra"]
[Black "Sara, Gadalla Karar"]
[Result "1-0"]
[WhiteElo "2012"]
[BlackElo "1433"]
[Annotator "NA RC"]
[PlyCount "39"]
[EventDate "2022.??.??"]
[TimeControl "60"]

1. Nf3 Nf6 2. d4 e6 3. Nbd2 c5 4. e3 a6 5. b3 b5 6. c4 Qb6 7. Bb2 b4 8. Bd3 cxd4 9. exd4 Be7 10. O-O O-O 11. Re1 Re8 12. Rc1 Bb7 13.
d5 a5 14. Bb1 Ng4 15. Nd4 Bc5 16. Qxg4 Na6 17. Bxh7+ Kxh7 18. Nxe6 Bxf2+ 19. Kh1 g6 20. Qh3+ 1-0

[Event "44th Chess Olympiad Women 2022"]
[Site "Chennai"]
[Date "2022.08.07"]
[Round "9.55"]
[White "Ibtihal Mohammed"]
[Black "Mouradian, Knarik"]
[Result "0-1"]
[WhiteElo "1445"]
[BlackElo "2121"]
[Annotator "RC"]
[PlyCount "115"]
[EventDate "2022.??.??"]
[TimeControl "60"]

1. Nf3 d6 2. d4 Nf6 3. Bf4 g6 4. Nc3 Bg7 5. Qd2 h6 6. e4 g5 7. Bg3 Nh5 8. Bc4 Nc6 9. d5 Na5 10. Be2 Nxg3 11. hxg3 c5 12. a3 a6 13. Rb1 b5 14. b4 cxb4 15. axb4 Qc7 16. Nd4 Nc4 17. Qd3 Bd7 18. O-O O-O 19. Nd1 Qb6 20. c3 Rfc8 21. Ne3 Nxe3 22. fxe3 Ra7 23. Bh5 Be8 24. Nf5 Rxc3 25. Qd2 Rac7 26. Rbc1 Rxc1 27. Rxc1 Kf8 28. Rxc7 Qxc7 29. Nxg7 Kxg7 30. Qd4+ Kg8 31.
Qd3 a5 32. bxa5 Qxa5 33. Qc2 Qd8 34. Qb2 Qb6 35. Kf2 Bd7 36.
e5 dxe5 37. Qxe5 Qd6 38. Qd4 b4 39. Be2 Qb8 40. Bc4 Bb5 41.
Bb3 Qd6 42. e4 f6 43. Qa7 Kg7 44. Qd4 h5 45. Bd1 Kg6 46. Bc2 Qc7 47. Bb1 Qc4 48. Qxc4 Bxc4 49. e5+ Kf7 50. e6+ Ke8 51. Be4 b3 52. g4 hxg4 53. g3 b2 54. Ke3 Ba2 55. Kd4 b1=Q 56. Bxb1 Bxb1 57. Kc5 f5 58. Kb6 0-1

[Event "44th Chess Olympiad Women 2022"]
[Site "Chennai"]
[Date "2022.08.07"]
[Round "9.55"]
[White "Rayan Sedee Mohamed"]
[Black "Bedrosian, Danielle"]
[Result "0-1"]
[WhiteElo "1168"]
[BlackElo "1662"]
[Annotator "NA"]
[PlyCount "72"]
[EventDate "2022.??.??"]
[TimeControl "60"]

1. e4 g6 2. d4 Bg7 3. Nf3 d6 4. Bc4 e6 5. Nc3 Ne7 6. Be3 a6 7. a4 b6 8. Qd2 h6 9. d5 e5 10. O-O g5 11. Bd3 Ng6 12. Ne2 Nd7 13. Qc3 Nf6 14. Qc6+ Bd7 15.
Qb7 O-O 16. Bxa6 Nxe4 17. Bb5 Nc5 18. Bxc5 bxc5 19. Bxd7 Qxd7 20. Qc6 Qxc6 21. dxc6 Ne7 22. c3 Nxc6 23. Rfd1 Rfd8 24. Ng3 Ne7 25. Nf1 d5 26. Re1 Ng6 27. Ne3 e4 28. Nd2 Ne7 29. f3 f5 30.
fxe4 fxe4 31. Rf1 d4 32. cxd4 cxd4 33. Ng4 e3 34. Nc4 e2 35. Rfe1 d3 36. Nf2 Nf5 0-1

[Event "44th Chess Olympiad Women 2022"]
[Site "Chennai"]
[Date "2022.08.07"]
[Round "9.56"]
[White "Bouzana, Christina"]
[Black "Elfelo, Khadija"]
[Result "1/2-1/2"]
[WhiteElo "1079"]
[BlackElo "1875"]
[Annotator "NA RC"]
[PlyCount "126"]
[EventDate "2022.??.??"]
[TimeControl "60"]

1. d4 Nf6 2. Bg5 g6 3. Bxf6 exf6 4. e3 Bg7 5. Nf3 O-O 6.
Bd3 d6 7. O-O Nc6 8. c3 Bd7 9. Nbd2 Re8 10. Qc2 f5 11. Rfe1 Qc8 12. e4 fxe4 13. Bxe4 Ne7 14. Qb3 c6 15. Bd3 Be6 16. Qc2 Bf5 17. Ne4 Qc7 18. Ng3 Bxd3 19. Qxd3 Nd5 20. Qd2 Qd7 21. Rab1 Qg4 22. h3 Qf4 23. Qxf4 Nxf4 24. Red1 Re7 25. Kf1 Rae8 26. Re1 h5 27. Rxe7 Rxe7 28. Rd1 Bf6 29. h4 Kg7 30. Rd2 a5 31. a4 Kh6 32. Rd1 Re6 33.
Rd2 Bd8 34. c4 d5 35. b3 f6 36. Ne2 Re4 37. Nxf4 Rxf4 38. Ke2 Re4+ 39. Kd3 Rf4 40. Ke2 g5 41. hxg5+ fxg5 42. Ne5 Bf6 43. cxd5 cxd5 44. f3 g4 45. g3 gxf3+ 46. Nxf3 Re4+ 47. Kf2 Kg6 48. Rd3 Kf5 49. Rd2 h4 50. gxh4 Bxh4+ 51. Nxh4+ Rxh4 52. Kg3 Rf4 53. Rd1 Rg4+ 54. Kf3 Rf4+ 55. Ke3 Rh4 56. Rf1+ Ke6 57. Rf3 Rh2 58. Kd3 Rb2 59. Kc3 Re2 60. b4 axb4+ 61. Kxb4 Rc2 62. Kb5 Rc4 63. Rf4 b6 1/2-1/2

[Event "44th Chess Olympiad Women 2022"]
[Site "Chennai"]
[Date "2022.08.07"]
[Round "9.56"]
[White "El Flow, Khuloud"]
[Black "Sokolova, Victoria"]
[Result "0-1"]
[WhiteElo "1836"]
[BlackElo "1193"]
[Annotator "NA RC"]
[PlyCount "48"]
[EventDate "2022.??.??"]
[TimeControl "60"]

1. e4 e5 2. Nf3 Nc6 3. Bc4 Bc5 4. O-O Nf6 5. Re1 O-O 6. c3 Nxe4 7. Rxe4 d5 8. Bxd5 Qxd5 9. Qe2 Bg4 10. Rxg4 f5 11. Rg3 e4 12. Ne1 f4 13. Rg4 Ne5 14. Rh4 Be7 15. Rh3 Rf6 16. f3 Bc5+ 17. Kf1 exf3 18. Nxf3 Nd3 19. Na3 Re6 20. Qd1 Rae8 21. c4 Qxf3+ 22. gxf3 Re1+ 23. Kg2 R8e2+ 24. Qxe2 Rg1# 0-1